TOP OF THE 1ST |
Galesburg Guzzlers batting - Pitching for Mancelona Torch : LHP Jorge Oyas
|
Pitching: LHP Jorge Oyas
|
|
Batting: RHB Ethan Brierley
|
0-0: DOUBLE (Line Drive, 9LM)
|
Batting: SHB Louie Vipont
|
0-0: Ball 1-0: Ball 2-0: Ball 3-0: Base on Balls
|
Batting: RHB Jeremy Migliorati
|
0-0: Ball 1-0: Ball 2-0: Called Strike 2-1: Called Strike 2-2: Fly out, F7 (Flyball, 78D)
|
Batting: LHB Brendon Lewis
|
0-0: Grounds into double play, 4-6-3 (Groundball, 4)
|
Top of the 1st over - 0 runs, 1 hit, 0 errors, 1 left on base; Galesburg 0 - Mancelona 0 |
BOTTOM OF THE 1ST |
Mancelona Torch batting - Pitching for Galesburg Guzzlers : LHP Henry Ross
|
Pitching: LHP Henry Ross
|
|
Batting: RHB Marty Aspen
|
0-0: Ball 1-0: Called Strike 1-1: Ball 2-1: Foul Ball, location: 2F 2-2: Fly out, F9 (Flyball, 9LSF)
|
Batting: RHB Magtanggol Florencio
|
0-0: Called Strike 0-1: Ball 1-1: Foul Ball, location: 2F 1-2: Ball 2-2: Fly out, F8 (Flyball, 8RS)
|
Batting: LHB Basava Puri
|
0-0: Swinging Strike 0-1: Ground out 1-3 (Groundball, 13S)
|
Bottom of the 1st over - 0 runs, 0 hits, 0 errors, 0 left on base; Galesburg 0 - Mancelona 0 |
TOP OF THE 2ND |
Galesburg Guzzlers batting - Pitching for Mancelona Torch : LHP Jorge Oyas
|
Batting: RHB Manny Diéguez
|
0-0: Fly out, F9 (Flyball, 9LS)
|
Batting: SHB Ron Wooten
|
0-0: Swinging Strike 0-1: Ball 1-1: Fly out, F8 (Flyball, 78M)
|
Batting: RHB Ramón Barbosa
|
0-0: Ball 1-0: Ball 2-0: Called Strike 2-1: Swinging Strike 2-2: Fly out, F9 (Flyball, 9S)
|
Top of the 2nd over - 0 runs, 0 hits, 0 errors, 0 left on base; Galesburg 0 - Mancelona 0 |
BOTTOM OF THE 2ND |
Mancelona Torch batting - Pitching for Galesburg Guzzlers : LHP Henry Ross
|
Batting: SHB Arend van der Veen
|
0-0: Ball 1-0: Called Strike 1-1: Ball 2-1: Called Strike 2-2: Ball 3-2: Foul Ball, location: 2F 3-2: Ground out 5-3 (Groundball, 56S)
|
Batting: LHB Duncan Witteman
|
0-0: Ball 1-0: Ball 2-0: Ball 3-0: Called Strike 3-1: DOUBLE (Line Drive, 89S)
|
Batting: LHB Charles Godard
|
0-0: Called Strike 0-1: Foul Ball, location: 2F 0-2: Ball 1-2: Foul Ball, location: 2F 1-2: Foul Ball, location: 2F 1-2: Ball 2-2: Strikes out swinging
|
Batting: RHB Hjalmar Bisseling
|
0-0: Swinging Strike 0-1: Ball 1-1: Foul Ball, location: 2F 1-2: Fly out, F9 (Flyball, 9D)
|
Bottom of the 2nd over - 0 runs, 1 hit, 0 errors, 1 left on base; Galesburg 0 - Mancelona 0 |
TOP OF THE 3RD |
Galesburg Guzzlers batting - Pitching for Mancelona Torch : LHP Jorge Oyas
|
Batting: LHB Jorge Ortíz
|
0-0: Called Strike 0-1: Ground out 1-3 (Groundball, 13S)
|
Batting: RHB Manny Valentín
|
0-0: Called Strike 0-1: Ball 1-1: Called Strike 1-2: Strikes out swinging
|
Batting: RHB Ethan Brierley
|
0-0: Called Strike 0-1: Called Strike 0-2: Strikes out looking
|
Top of the 3rd over - 0 runs, 0 hits, 0 errors, 0 left on base; Galesburg 0 - Mancelona 0 |
BOTTOM OF THE 3RD |
Mancelona Torch batting - Pitching for Galesburg Guzzlers : LHP Henry Ross
|
Batting: LHB Ed Holte
|
0-0: Foul Ball, location: 2F 0-1: Ball 1-1: Ball 2-1: Fly out, F6 (Popup, 5D)
|
Batting: SHB Carlos Morales
|
0-0: Ball 1-0: DOUBLE (Line Drive, 7LM)
|
Batting: RHB Marty Aspen
|
0-0: Foul Ball, location: 2F 0-1: Swinging Strike 0-2: Strikes out swinging
|
Batting: RHB Magtanggol Florencio
|
0-0: Ground out 5-3 (Groundball, 56)
|
Bottom of the 3rd over - 0 runs, 1 hit, 0 errors, 1 left on base; Galesburg 0 - Mancelona 0 |
TOP OF THE 4TH |
Galesburg Guzzlers batting - Pitching for Mancelona Torch : LHP Jorge Oyas
|
Batting: SHB Louie Vipont
|
0-0: Called Strike 0-1: Ground out U3 (Groundball, 3)
|
Batting: RHB Jeremy Migliorati
|
0-0: Called Strike 0-1: Ball 1-1: Ball 2-1: Ball 3-1: Foul Ball, location: 2F 3-2: Base on Balls
|
Batting: LHB Brendon Lewis
|
0-0: Ball 1-0: Ball 2-0: Called Strike 2-1: Ball 3-1: Swinging Strike 3-2: Strikes out swinging
|
Batting: RHB Manny Diéguez
|
0-0: Swinging Strike 0-1: SINGLE (Groundball, 4) (infield hit) Jeremy Migliorati to second
|
Batting: SHB Ron Wooten
|
0-0: Called Strike 0-1: Foul Ball, location: 2F 0-2: SINGLE (Flyball, 78M) Jeremy Migliorati to third Manny Diéguez to second
|
Batting: RHB Ramón Barbosa
|
0-0: Ground out 6-3 (Groundball, 6M)
|
Top of the 4th over - 0 runs, 2 hits, 0 errors, 3 left on base; Galesburg 0 - Mancelona 0 |
BOTTOM OF THE 4TH |
Mancelona Torch batting - Pitching for Galesburg Guzzlers : LHP Henry Ross
|
Batting: LHB Basava Puri
|
0-0: Ball 1-0: Ground out 5-3 (Groundball, 5)
|
Batting: SHB Arend van der Veen
|
0-0: Called Strike 0-1: Ball 1-1: Foul Ball, location: 2F 1-2: Ball 2-2: Ball 3-2: Strikes out swinging
|
Batting: LHB Duncan Witteman
|
0-0: Called Strike 0-1: Ball 1-1: Ball 2-1: Ball 3-1: Fly out, F9 (Flyball, 9S)
|
Bottom of the 4th over - 0 runs, 0 hits, 0 errors, 0 left on base; Galesburg 0 - Mancelona 0 |
TOP OF THE 5TH |
Galesburg Guzzlers batting - Pitching for Mancelona Torch : LHP Jorge Oyas
|
Batting: LHB Jorge Ortíz
|
0-0: Fly out, F7 (Line Drive, 7)
|
Batting: RHB Manny Valentín
|
0-0: Called Strike 0-1: Ground out U3 (Groundball, 3)
|
Batting: RHB Ethan Brierley
|
0-0: Ball 1-0: Foul Ball, location: 2F 1-1: Called Strike 1-2: Ball 2-2: DOUBLE (Line Drive, 8RD)
|
Batting: SHB Louie Vipont
|
0-0: Called Strike 0-1: Ground out 5-3 (Groundball, 5)
|
Top of the 5th over - 0 runs, 1 hit, 0 errors, 1 left on base; Galesburg 0 - Mancelona 0 |
BOTTOM OF THE 5TH |
Mancelona Torch batting - Pitching for Galesburg Guzzlers : LHP Henry Ross
|
Batting: LHB Charles Godard
|
0-0: Ball 1-0: Fly out, F7 (Flyball, 78XD)
|
Batting: RHB Hjalmar Bisseling
|
0-0: Bunted foul 0-1: Ball 1-1: Foul Ball, location: 2F 1-2: Strikes out swinging
|
Batting: LHB Ed Holte
|
0-0: Ball 1-0: Foul Ball, location: 2F 1-1: Ground out 3-1 (Groundball, 34S)
|
Bottom of the 5th over - 0 runs, 0 hits, 0 errors, 0 left on base; Galesburg 0 - Mancelona 0 |
TOP OF THE 6TH |
Galesburg Guzzlers batting - Pitching for Mancelona Torch : LHP Jorge Oyas
|
Batting: RHB Jeremy Migliorati
|
0-0: Fly out, F7 (Flyball, 7LS)
|
Batting: LHB Brendon Lewis
|
0-0: Ball 1-0: Ground out 4-3 (Groundball, 4)
|
Batting: RHB Manny Diéguez
|
0-0: Ball 1-0: DOUBLE (Groundball, 5L)
|
Batting: SHB Ron Wooten
|
0-0: Called Strike 0-1: Ball 1-1: SINGLE (Line Drive, 4D) Manny Diéguez to third Runner from 3rd tries for Home, SAFE, no throw
|
Batting: RHB Ramón Barbosa
|
0-0: Ball 1-0: Ball 2-0: Called Strike 2-1: SINGLE (Groundball, 6MD) Ron Wooten to second Runner from 2nd tries for 3rd, OUT!
|
Top of the 6th over - 1 run, 3 hits, 0 errors, 1 left on base; Galesburg 1 - Mancelona 0 |
BOTTOM OF THE 6TH |
Mancelona Torch batting - Pitching for Galesburg Guzzlers : LHP Henry Ross
|
Batting: SHB Carlos Morales
|
0-0: Fly out, F8 (Flyball, 78D)
|
Batting: RHB Marty Aspen
|
0-0: DOUBLE (Line Drive, 8LD)
|
Batting: RHB Magtanggol Florencio
|
0-0: Ball 1-0: Ball 2-0: Ball 3-0: Base on Balls
|
Batting: LHB Basava Puri
|
0-0: Called Strike 0-1: Ball 1-1: Swinging Strike 1-2: Foul Ball, location: 2F 1-2: Foul Ball, location: 2F 1-2: Foul Ball, location: 2F 1-2: Ball 2-2: Foul Ball, location: 2F 2-2: Foul Ball, location: 2F 2-2: Strikes out swinging
|
Batting: SHB Arend van der Veen
|
0-0: Called Strike 0-1: Called Strike 0-2: SINGLE (Line Drive, 3D) Marty Aspen to third Magtanggol Florencio to second Runner from 3rd tries for Home, SAFE, throw made home
|
Batting: LHB Duncan Witteman
|
0-0: Foul Ball, location: 2F 0-1: Swinging Strike 0-2: Ball 1-2: Foul Ball, location: 2F 1-2: Foul Ball, location: 2F 1-2: Ball 2-2: Fly out, F8 (Flyball, 8RD)
|
Bottom of the 6th over - 1 run, 2 hits, 0 errors, 2 left on base; Galesburg 1 - Mancelona 1 |
TOP OF THE 7TH |
Galesburg Guzzlers batting - Pitching for Mancelona Torch : LHP Jorge Oyas
|
Pinch Hitting: RHB Gerald Snow
|
0-0: Called Strike 0-1: Called Strike 0-2: Foul Ball, location: 2F 0-2: Strikes out swinging
|
Batting: RHB Manny Valentín
|
0-0: Ball 1-0: SINGLE (Groundball, 34D)
|
Batting: RHB Ethan Brierley
|
0-0: Swinging Strike 0-1: Ball 1-1: Ball Manny Valentín steals 2nd base 2-1: Foul Ball, location: 2F 2-2: Ball 3-2: 2-RUN HOME RUN (Line Drive, 7LD), Distance : 354 ft
|
Batting: SHB Louie Vipont
|
0-0: Reached on error, E5 (Groundball, 5)
|
Batting: RHB Jeremy Migliorati
|
0-0: SINGLE (Flyball, 7S) Louie Vipont to second
|
Batting: LHB Brendon Lewis
|
0-0: Ball 1-0: Ball 2-0: Ball 3-0: Called Strike 3-1: Fielders Choice at 2nd, 1-6 (Groundball, 13S) Louie Vipont to third
|
Batting: RHB Manny Diéguez
|
0-0: Ball 1-0: Called Strike 1-1: Ball 2-1: Called Strike 2-2: Strikes out swinging
|
Top of the 7th over - 2 runs, 3 hits, 1 error, 2 left on base; Galesburg 3 - Mancelona 1 |
BOTTOM OF THE 7TH |
Mancelona Torch batting - Pitching for Galesburg Guzzlers : LHP Henry Ross
|
Pitching: LHP Ángel Martínez
|
|
Now in CF: Gerald Snow
|
|
Batting: LHB Charles Godard
|
0-0: Ball 1-0: Ball 2-0: Called Strike 2-1: Called Strike 2-2: Foul Ball, location: 2F 2-2: Strikes out swinging
|
Batting: RHB Hjalmar Bisseling
|
0-0: Called Strike 0-1: Called Strike 0-2: Ball 1-2: Foul Ball, location: 2F 1-2: Foul Ball, location: 2F 1-2: Strikes out looking
|
Batting: LHB Ed Holte
|
0-0: Called Strike 0-1: Swinging Strike 0-2: Foul Ball, location: 2F 0-2: Ground out 5-3 (Groundball, 56)
|
Bottom of the 7th over - 0 runs, 0 hits, 0 errors, 0 left on base; Galesburg 3 - Mancelona 1 |
TOP OF THE 8TH |
Galesburg Guzzlers batting - Pitching for Mancelona Torch : LHP Jorge Oyas
|
Batting: SHB Ron Wooten
|
0-0: Swinging Strike 0-1: Foul Ball, location: 2F 0-2: Foul Ball, location: 2F 0-2: Strikes out looking
|
Batting: RHB Ramón Barbosa
|
0-0: Ball 1-0: Ball 2-0: Fly out, F8 (Flyball, 8LM)
|
Batting: RHB Gerald Snow
|
0-0: Swinging Strike 0-1: Ball 1-1: Foul Ball, location: 2F 1-2: Ball 2-2: Ball 3-2: Ground out 4-3 (Groundball, 4M)
|
Top of the 8th over - 0 runs, 0 hits, 0 errors, 0 left on base; Galesburg 3 - Mancelona 1 |
BOTTOM OF THE 8TH |
Mancelona Torch batting - Pitching for Galesburg Guzzlers : LHP Ángel Martínez
|
Batting: SHB Carlos Morales
|
0-0: Ball 1-0: Foul Ball, location: 2F 1-1: Ball 2-1: Ball 3-1: Base on Balls
|
Batting: RHB Marty Aspen
|
0-0: Ball 1-0: Foul Ball, location: 2F 1-1: Ball 2-1: SINGLE (Groundball, 3) (infield hit) Carlos Morales to second
|
Pitching: LHP Jian-gun Fei
|
|
Batting: RHB Magtanggol Florencio
|
0-0: Swinging Strike 0-1: Swinging Strike 0-2: Strikes out swinging
|
Pinch Hitting: RHB Wen Chua
|
0-0: Foul Ball, location: 2F 0-1: Foul Ball, location: 2F 0-2: Foul Ball, location: 2F 0-2: Foul Ball, location: 2F 0-2: SINGLE (Line Drive, 56) Carlos Morales to third Marty Aspen to second Runner from 3rd tries for Home, SAFE, no throw
|
Batting: SHB Arend van der Veen
|
0-0: Fielders Choice at 2nd, 6-4 (Groundball, 6) Marty Aspen to third
|
Batting: LHB Duncan Witteman
|
0-0: Ball 1-0: SINGLE (Groundball, 6) (infield hit) Marty Aspen scores Arend van der Veen to second
|
Batting: LHB Charles Godard
|
0-0: Called Strike 0-1: Foul Ball, location: 2F 0-2: Ball 1-2: Foul Ball, location: 2F 1-2: Strikes out looking
|
Bottom of the 8th over - 2 runs, 3 hits, 0 errors, 2 left on base; Galesburg 3 - Mancelona 3 |
TOP OF THE 9TH |
Galesburg Guzzlers batting - Pitching for Mancelona Torch : LHP Jorge Oyas
|
Now in LF: Wen Chua
|
|
Pinch Hitting: RHB António Delgado
|
0-0: Called Strike 0-1: Ball 1-1: Foul Ball, location: 2F 1-2: Ball 2-2: Foul Ball, location: 2F 2-2: Strikes out swinging
|
Batting: RHB Ethan Brierley
|
0-0: Ball 1-0: Called Strike 1-1: Foul Ball, location: 2F 1-2: Ground out 1-3 (Groundball, 15)
|
Batting: SHB Louie Vipont
|
0-0: Called Strike 0-1: Fly out, F7 (Flyball, 7LD)
|
Top of the 9th over - 0 runs, 0 hits, 0 errors, 0 left on base; Galesburg 3 - Mancelona 3 |
BOTTOM OF THE 9TH |
Mancelona Torch batting - Pitching for Galesburg Guzzlers : LHP Jian-gun Fei
|
Pitching: LHP Gilberto Chávez
|
|
Now at 2B: António Delgado
|
|
Batting: RHB Hjalmar Bisseling
|
0-0: Ball 1-0: Fly out, F7 (Flyball, 7D)
|
Pinch Hitting: RHB Bryan Uchacz
|
0-0: Foul Ball, location: 2F 0-1: Ball 1-1: Ball 2-1: Foul Ball, location: 2F 2-2: Foul Ball, location: 2F 2-2: Ball 3-2: Strikes out looking
|
Batting: SHB Carlos Morales
|
0-0: Ball 1-0: Foul Ball, location: 2F 1-1: Ball 2-1: Foul Ball, location: 2F 2-2: Fly out, F5 (Line Drive, 56)
|
Bottom of the 9th over - 0 runs, 0 hits, 0 errors, 0 left on base; Galesburg 3 - Mancelona 3 |
TOP OF THE 10TH |
Galesburg Guzzlers batting - Pitching for Mancelona Torch : LHP Jorge Oyas
|
Pitching: RHP Chris Stambaugh
|
|
Now in RF: Bryan Uchacz
|
|
Batting: RHB Jeremy Migliorati
|
0-0: Ball 1-0: Ground out 6-3 (Groundball, 6M)
|
Batting: LHB Brendon Lewis
|
0-0: Ball 1-0: Swinging Strike 1-1: Ball 2-1: Foul Ball, location: 2F 2-2: Ball 3-2: DOUBLE (Flyball, 8RXD)
|
Pinch Hitting: SHB Eric Soto
|
0-0: Intentional Walk
|
Pinch Runner at 2nd Gareth Smith:
|
|
Batting: SHB Ron Wooten
|
0-0: Called Strike 0-1: Fly out, F8 (Flyball, 8RD) Runner from 2nd tags up, SAFE at 3rd with throw
|
Batting: RHB Ramón Barbosa
|
0-0: Called Strike 0-1: Ball Wild Pitch! Gareth Smith scores Eric Soto to second 1-1: Fly out, F3 (Popup, 3S)
|
Top of the 10th over - 1 run, 1 hit, 0 errors, 1 left on base; Galesburg 4 - Mancelona 3 |
BOTTOM OF THE 10TH |
Mancelona Torch batting - Pitching for Galesburg Guzzlers : LHP Gilberto Chávez
|
Now at SS: Gareth Smith
|
|
Now in RF: Evan Meertens
|
|
Batting: RHB Marty Aspen
|
0-0: SINGLE (Flyball, 78S)
|
Batting: RHB Magtanggol Florencio
|
0-0: Bunted foul 0-1: Ball 1-1: Ball 2-1: Sac Bunt - play at first, batter OUT! 5-4 Marty Aspen to second
|
Batting: RHB Wen Chua
|
0-0: Ball 1-0: Ball 2-0: Ball 3-0: Called Strike 3-1: Called Strike 3-2: Base on Balls
|
Batting: SHB Arend van der Veen
|
0-0: Foul Ball, location: 2F 0-1: Swinging Strike 0-2: Strikes out looking
|
Batting: LHB Duncan Witteman
|
0-0: Called Strike 0-1: Swinging Strike 0-2: Fly out, F9 (Flyball, 9S)
|
Bottom of the 10th over - 0 runs, 1 hit, 0 errors, 2 left on base; Galesburg 4 - Mancelona 3 |
|